[Event "Titled Tuesday Blitz May 10 Late 2022"]
[White "Nazaretyan, Tigran"]
[Black "Prieto Aranguren, Alain"]
[WhiteFideId "24162345"]
[BlackFideId "2268906"]
[WhiteElo "2225"]
[BlackElo "2235"]
[Result "1-0"]
[Round "01"]
[TimeControl "180+1"]
[Date "2022.05.11"]
[WhiteClock "0:00:18"]
[BlackClock "0:01:07"]

1. d4 d5 2. c4 c6 3. Nf3 Nf6 4. Nc3 e6 5. e3 Be7 6. Qc2 O-O 7. Be2 b6 8. O-O Bb7 9. b3 Nbd7 10. Bb2 Rc8 11. Rad1 Qc7 12. h3 Qb8 13. Rfe1 Rfd8 14. Bf1 Nf8 15. e4 dxe4 16. Nxe4 c5 17. d5 exd5 18. Nxf6+ Bxf6 19. Bxf6 gxf6 20. Qf5 d4 21. Qxf6 Ng6 22. Ng5 Qf4 23. Qxf4 Nxf4 24. Re7 Bc6 25. Nxf7 Re8 26. Rxa7 Ra8 27. Nh6+ Kh8 28. Rf7 Ng6 29. a4 Be4 30. Bd3 Bxd3 31. Rxd3 Ne5 32. Rg3 d3 33. Rd7 Rad8 34. Nf7+ Nxf7 35. Rgxd3 Rxd7 36. Rxd7 Ne5 37. Rb7 Re6 38. f4 Nd3 39. f5 Rf6 40. g4 h6 41. Kg2 Nc1 42. a5 bxa5 43. Kf3 Rd6 44. Ke4 Rd3 45. Ke5 Rxb3 46. Rc7 a4 47. Kf6 Rb6+ 48. Kf7 Ra6 49. f6 a3 50. Kg6 Ra8 51. Rh7+ Kg8 52. f7+ Kf8 53. Rh8+ Ke7 54. Rxa8 1-0


[Site "https://www.chess.com"]

[Event "Titled Tuesday Blitz May 10 Late 2022"]
[White "Novikova, Galina"]
[Black "Goltsev, Dmitry"]
[WhiteFideId "4157095"]
[BlackFideId "24176710"]
[WhiteElo "1863"]
[BlackElo "2258"]
[Result "1-0"]
[Round "01"]
[TimeControl "180+1"]
[Date "2022.05.11"]
[WhiteClock "0:00:16"]
[BlackClock "0:00:20"]

1. e4 e6 2. Nf3 d5 3. e5 c5 4. b4 cxb4 5. a3 Nc6 6. axb4 Bxb4 7. c3 Be7 8. d4 h5 9. Bd3 Nh6 10. O-O Nf5 11. Na3 g5 12. Nb5 a6 13. Bxf5 exf5 14. Nd6+ Bxd6 15. exd6 g4 16. Re1+ Be6 17. Ng5 Qxd6 18. Ba3 Qd7 19. Qb3 Na5 20. Qb4 Nc4 21. Bc1 O-O-O 22. Bf4 Rhe8 23. Rxa6 b6 24. Rea1 Qc6 25. Ra8+ Qxa8 26. Rxa8+ Kb7 27. Rxd8 Rxd8 28. Nxe6 Re8 29. Nc5+ Kc8 30. Nd3 Re6 31. h3 Kd7 32. Ne5+ Nxe5 33. Bxe5 f6 34. Bf4 h4 35. hxg4 fxg4 36. Qb5+ Ke7 37. Qxd5 Re2 38. Qd6+ Kf7 39. Qd7+ Re7 40. Qxg4 b5 41. Qxh4 b4 42. cxb4 Re1+ 43. Kh2 f5 44. Qh5+ Kg7 45. Qxf5 Kh8 46. Be5+ Kg8 47. Qg6+ Kf8 48. Qg7+ Ke8 49. b5 Rb1 50. Qg6+ Kd7 51. Qxb1 Kc8 52. Qc2+ Kb7 53. Qc6+ Ka7 54. b6+ Ka6 55. b7+ Ka5 56. Qc5+ Ka6 57. Qc6+ Ka5 58. Bc7+ Kb4 59. b8=Q+ Ka3 60. Qca8# 1-0


[Site "https://www.chess.com"]

[Event "Titled Tuesday Blitz May 10 Late 2022"]
[White "Oganian, Miran"]
[Black "Estrada Nieto, Julian"]
[WhiteFideId "4122488"]
[BlackFideId "5101018"]
[WhiteElo "2357"]
[BlackElo "2252"]
[Result "1/2-1/2"]
[Round "01"]
[TimeControl "180+1"]
[Date "2022.05.11"]
[WhiteClock "0:00:03"]
[BlackClock "0:00:24"]

1. e4 e5 2. Nf3 Nc6 3. Nc3 Nf6 4. d4 exd4 5. Nxd4 Bb4 6. Nxc6 bxc6 7. Bd3 d5 8. exd5 O-O 9. O-O cxd5 10. h3 c6 11. Qf3 Bd6 12. Bf4 Rb8 13. b3 Be6 14. Rfe1 Re8 15. Ne2 Qc7 16. Bxd6 Qxd6 17. Rad1 h6 18. Nd4 Bd7 19. Bf5 Rxe1+ 20. Rxe1 Re8 21. Rxe8+ Bxe8 22. Qe3 Kf8 23. Nf3 c5 24. c3 Bc6 25. Bc2 Nd7 26. Bf5 Nf6 27. Qe2 g6 28. Bc2 d4 29. cxd4 Bxf3 30. Qxf3 cxd4 31. Bd3 Kg7 32. Bc4 Qd7 33. b4 Ne8 34. b5 h5 35. a4 Nf6 36. a5 Qc7 37. Qd3 Qxa5 38. Qxd4 Qb4 39. Qd3 Qc5 40. Qb3 Ne4 41. Qb2+ Kg8 42. Qc2 Qd4 43. Qa2 Nxf2 44. Bxf7+ Kg7 45. Qxf2 Qxf2+ 46. Kxf2 Kxf7 47. Ke3 Ke6 48. Ke4 Kd6 49. Kd4 g5 50. g3 h4 51. g4 Ke6 52. Kc5 Ke5 53. Kc6 Kd4 54. Kb7 Kc5 55. Kxa7 Kxb5 56. Kb7 Kc5 57. Kc7 Kd4 58. Kd6 Ke4 59. Ke6 Kf4 60. Kf6 Kg3 61. Kxg5 Kxh3 62. Kf4 Kg2 63. g5 h3 64. g6 h2 65. g7 h1=Q 66. g8=Q+ Kf1 67. Qc4+ Kg1 68. Qd4+ Kh2 69. Qh8+ Kg1 70. Qd4+ Kh2 71. Qf2+ Qg2 72. Qxg2+ Kxg2 1/2-1/2


[Site "https://www.chess.com"]

[Event "Titled Tuesday Blitz May 10 Late 2022"]
[White "Ohanyan, Emin"]
[Black "Purtseladze, Maka"]
[WhiteFideId "13312022"]
[BlackFideId "13602659"]
[WhiteElo "1927"]
[BlackElo "2224"]
[Result "1-0"]
[Round "01"]
[TimeControl "180+1"]
[Date "2022.05.11"]
[WhiteClock "0:00:14"]
[BlackClock "0:00:08"]

1. e4 c6 2. d4 d5 3. Nc3 dxe4 4. Nxe4 Nf6 5. Nxf6+ exf6 6. Bd3 Bd6 7. Qh5 Be6 8. Ne2 Nd7 9. Nf4 Qe7 10. O-O O-O-O 11. Re1 Nf8 12. Nxe6 fxe6 13. Be3 Kb8 14. c4 Qc7 15. g3 Bb4 16. Red1 Qa5 17. Qe2 Qc7 18. c5 Qf7 19. a3 Ba5 20. b4 Bc7 21. b5 cxb5 22. Be4 f5 23. Bg2 Qd7 24. a4 b4 25. a5 f4 26. a6 b6 27. cxb6 Bxb6 28. Bxf4+ Bc7 29. Rab1 1-0


[Site "https://www.chess.com"]

[Event "Titled Tuesday Blitz May 10 Late 2022"]
[White "Papasimakopoulos, Alexandros"]
[Black "Bas Mas, Jose Joaquin"]
[WhiteFideId "4244125"]
[BlackFideId "22219064"]
[WhiteElo "2340"]
[BlackElo "2233"]
[Result "1-0"]
[Round "01"]
[TimeControl "180+1"]
[Date "2022.05.11"]
[WhiteClock "0:01:06"]
[BlackClock "0:00:19"]

1. d4 f5 2. e4 fxe4 3. Nc3 Nf6 4. Bg5 c6 5. f3 d5 6. fxe4 dxe4 7. Bc4 Nbd7 8. Qd2 Nb6 9. Bb3 Nbd5 10. Nge2 Be6 11. O-O h6 12. Bh4 g5 13. Bg3 Bg7 14. Be5 O-O 15. Ng3 Qd7 16. Ncxe4 Nxe4 17. Nxe4 b6 18. Bxg7 Kxg7 19. Nxg5 hxg5 20. Qxg5+ Kh7 21. c4 Nf6 22. Bc2+ Kh8 23. Rf4 Bg4 24. h3 Rf7 25. hxg4 Rg7 26. Qh6+ Kg8 27. g5 Ng4 28. Qh4 Ne3 29. Bb3 c5 30. dxc5 bxc5 31. Re1 Nf5 32. Qg4 Rf8 33. Bc2 e6 34. Bxf5 exf5 35. Qh5 Qd6 36. Rh4 Qd2 37. Re2 Qxg5 38. Qxg5 Rxg5 39. Re5 Kg7 40. Rxc5 Rb8 41. Rc7+ Kg6 42. b3 Rg4 43. Rxg4+ fxg4 44. Rxa7 Kg5 45. Kf2 Rf8+ 46. Kg3 Re8 47. Rg7+ Kf5 48. Rxg4 Re3+ 49. Kf2 Rc3 50. Rg8 Rc2+ 51. Ke3 Rxa2 52. Kd4 Rb2 53. Kc3 Rb1 54. b4 Kf6 55. b5 Kf7 56. Rg4 Ke7 57. Kd4 Kd7 58. Kc5 Re1 59. Rg7+ Kc8 60. b6 Re5+ 61. Kc6 Re6+ 62. Kb5 Re5+ 63. c5 Re6 64. c6 Re8 65. Ka6 Kb8 66. Rb7+ Ka8 67. Ra7+ Kb8 68. c7+ Kc8 69. Ra8+ Kd7 70. Rxe8 1-0


[Site "https://www.chess.com"]

[Event "Titled Tuesday Blitz May 10 Late 2022"]
[White "Papp, Petra"]
[Black "Kadric, Denis"]
[WhiteFideId "739049"]
[BlackFideId "14403803"]
[WhiteElo "2259"]
[BlackElo "2657"]
[Result "0-1"]
[Round "01"]
[TimeControl "180+1"]
[Date "2022.05.11"]
[WhiteClock "0:00:06"]
[BlackClock "0:01:07"]

1. e4 d6 2. d4 Nf6 3. Nc3 e5 4. Nf3 Nbd7 5. g4 Nxg4 6. Rg1 Ngf6 7. Be3 Qe7 8. Qd2 g6 9. O-O-O Bg7 10. Bc4 c6 11. Bb3 b5 12. dxe5 dxe5 13. Ng5 O-O 14. Qd6 Qxd6 15. Rxd6 Bb7 16. Rgd1 Nb6 17. f4 Ng4 18. Bxb6 axb6 19. Nxf7 Ne3 20. Nxe5+ Kh8 21. R1d3 Nc4 22. Nxg6+ hxg6 23. Rh3+ Kg8 24. Rxg6 Rxf4 25. Rhg3 Rf7 26. e5 Rd8 27. Bxc4 bxc4 28. b3 Kh7 29. Ne4 Rf1+ 30. Kb2 Bxe5+ 31. Ka3 Bxg3 32. Rxg3 c5 33. Ng5+ Kh6 34. bxc4 Rd2 35. Ne6 Rf3+ 36. Rxf3 Bxf3 37. Ka4 Bc6+ 38. Kb3 Rxh2 39. Nd8 Bd7 0-1


[Site "https://www.chess.com"]

[Event "Titled Tuesday Blitz May 10 Late 2022"]
[White "Peralta, Eduardo"]
[Black "Joubert, Dantelle"]
[WhiteFideId "3700062"]
[BlackFideId "14310813"]
[WhiteElo "2125"]
[BlackElo "1507"]
[Result "1-0"]
[Round "01"]
[TimeControl "180+1"]
[Date "2022.05.11"]
[WhiteClock "0:02:16"]
[BlackClock "0:00:55"]

1. Nf3 d5 2. g3 e6 3. Bg2 Nf6 4. O-O Be7 5. d4 O-O 6. c4 dxc4 7. Qc2 c5 8. dxc5 Bxc5 9. Qxc4 Qe7 10. Ne5 Nbd7 11. Bf4 Nxe5 12. Bxe5 Bd7 13. Bxb7 Rac8 14. Bxc8 Rxc8 15. Qh4 Bc6 16. Nd2 Ba8 17. Nf3 Bb6 18. Rfc1 Rd8 19. Rd1 Rxd1+ 20. Rxd1 Qc5 21. Bd4 Qe7 22. Bxb6 axb6 23. Qd4 Bd5 24. Ne5 h5 25. f3 Bxa2 26. Qd8+ Qxd8 27. Rxd8+ Kh7 28. Nxf7 1-0


[Site "https://www.chess.com"]

[Event "Titled Tuesday Blitz May 10 Late 2022"]
[White "Petre, Nad-Titus"]
[Black "Xiong, Jeffery"]
[WhiteFideId "1204165"]
[BlackFideId "2047640"]
[WhiteElo "2354"]
[BlackElo "2727"]
[Result "0-1"]
[Round "01"]
[TimeControl "180+1"]
[Date "2022.05.10"]
[WhiteClock "0:00:01"]
[BlackClock "0:01:23"]

1. Nf3 c5 2. c4 Nc6 3. Nc3 g6 4. e3 Nf6 5. d4 cxd4 6. exd4 d5 7. cxd5 Nxd5 8. Qb3 Nxc3 9. Bc4 e6 10. bxc3 Bg7 11. Ba3 Bf8 12. Bc1 Be7 13. Bd3 O-O 14. Bh6 Re8 15. O-O Bf6 16. Rfd1 b6 17. Bb5 Bb7 18. Ne5 Bxe5 19. dxe5 Qh4 20. Be3 Red8 21. Bxc6 Bxc6 22. Qb4 Qh5 23. Rd6 Bd5 24. Qf4 Rdc8 25. Bd4 Qf5 26. Qxf5 gxf5 27. h3 Rc7 28. g4 fxg4 29. hxg4 Kf8 30. Kh2 Ke7 31. Kg3 Rg8 32. f3 f5 33. Rh1 Rg7 34. Rh6 fxg4 35. fxg4 Bxa2 36. Rf6 Bd5 37. Kf4 Rd7 38. g5 Rc7 39. Rh6 Rc8 0-1


[Site "https://www.chess.com"]

[Event "Titled Tuesday Blitz May 10 Late 2022"]
[White "Petrovic, Aleksa"]
[Black "Hess, Robert"]
[WhiteFideId "967629"]
[BlackFideId "2022036"]
[WhiteElo "2144"]
[BlackElo "2557"]
[Result "0-1"]
[Round "01"]
[TimeControl "180+1"]
[Date "2022.05.10"]
[WhiteClock "0:00:05"]
[BlackClock "0:00:06"]

1. d4 g6 2. c4 Bg7 3. e4 b6 4. Nc3 Bb7 5. Be3 d6 6. f3 Nd7 7. Qd2 e6 8. Nh3 Ngf6 9. Nf2 h6 10. Bd3 a6 11. O-O Qe7 12. b4 e5 13. d5 Nh5 14. Na4 Bc8 15. c5 dxc5 16. bxc5 b5 17. c6 bxa4 18. cxd7+ Bxd7 19. Qa5 Nf4 20. Bc2 Qa3 21. Bc5 Qc3 22. Qxc3 Ne2+ 23. Kh1 Nxc3 24. Rfe1 Bb5 25. Re3 Ne2 26. Bd3 Nd4 27. Bxd4 exd4 28. Re2 Kd7 29. e5 Rab8 30. f4 Bxd3 31. Nxd3 Rb5 32. Rc1 Rxd5 33. Nc5+ Kc8 34. Nxa6 d3 35. Rxc7+ Kd8 36. Rb2 Ke8 37. Rb8+ Rd8 38. Rbb7 d2 39. Re7+ Kf8 40. Rxf7+ Kg8 41. Rxg7+ Kf8 42. Rbf7+ Ke8 43. Re7+ Kf8 44. Rd7 d1=Q+ 0-1


[Site "https://www.chess.com"]

[Event "Titled Tuesday Blitz May 10 Late 2022"]
[White "Petrovskyi, Vadym"]
[Black "Suarez Uriel, Adrian"]
[WhiteFideId "14165210"]
[BlackFideId "22230874"]
[WhiteElo "2400"]
[BlackElo "2287"]
[Result "1-0"]
[Round "01"]
[TimeControl "180+1"]
[Date "2022.05.11"]
[WhiteClock "0:01:14"]
[BlackClock "0:01:31"]

1. e4 c5 2. Nf3 Nc6 3. Bb5 g6 4. Bxc6 bxc6 5. d3 Bg7 6. O-O Nh6 7. Be3 d6 8. h3 f5 9. Qd2 Nf7 10. Nc3 O-O 11. d4 cxd4 12. Nxd4 Bd7 13. exf5 gxf5 14. f4 e5 15. Nb3 e4 16. Rad1 d5 17. Qf2 Nd6 18. Bd4 Qe7 19. Bxg7 Qxg7 20. Nc5 Bc8 21. Rfe1 Rb8 22. Re3 Kh8 23. Rg3 Qf6 24. Nb3 Nc4 25. Na4 e3 26. Rxe3 Nxe3 27. Qxe3 Ba6 28. Nac5 Bc4 29. Nd7 Qxb2 30. Nxb8 Rxb8 31. Nd4 Qb7 32. Qe5+ Kg8 33. Nxf5 1-0


[Site "https://www.chess.com"]

[Event "Titled Tuesday Blitz May 10 Late 2022"]
[White "Pinheiro, Iung Alicio de O."]
[Black "Butti, Enrique"]
[WhiteFideId "2104350"]
[BlackFideId "3700470"]
[WhiteElo "2283"]
[BlackElo "2080"]
[Result "0-1"]
[Round "01"]
[TimeControl "180+1"]
[Date "2022.05.11"]
[WhiteClock "0:00:01"]
[BlackClock "0:00:38"]

1. c4 e5 2. g3 Nc6 3. Bg2 g6 4. Nc3 Bg7 5. d3 d6 6. e4 f5 7. Nge2 Nf6 8. O-O O-O 9. Nd5 f4 10. gxf4 Nh5 11. f5 gxf5 12. Ng3 Nxg3 13. fxg3 Nd4 14. Qh5 Rf7 15. Bg5 Qf8 16. exf5 Bxf5 17. Be4 c6 18. Bxf5 Nxf5 19. Rxf5 Rxf5 20. Ne7+ Qxe7 21. Bxe7 Rxh5 22. g4 Rh3 23. Rd1 Bf8 24. Bg5 h5 25. Kg2 hxg4 26. Bc1 Bg7 27. b3 Rf8 28. Bg5 Rff3 29. d4 e4 30. Re1 e3 31. d5 c5 32. Re2 Bd4 33. Re1 Rf2+ 34. Kg1 Rhxh2 35. Bxe3 Rfg2+ 36. Kf1 Rh1+ 37. Kxg2 Rxe1 38. Bf4 Re2+ 39. Kg3 Rxa2 40. Bxd6 Rb2 41. Kxg4 Rxb3 42. Bf4 Rd3 43. d6 Bf6 44. Kf5 Kf7 0-1


[Site "https://www.chess.com"]

[Event "Titled Tuesday Blitz May 10 Late 2022"]
[White "Plotnikov, Pavel"]
[Black "Zhigalko, Sergei"]
[WhiteFideId "4170342"]
[BlackFideId "13502956"]
[WhiteElo "2298"]
[BlackElo "2662"]
[Result "1/2-1/2"]
[Round "01"]
[TimeControl "180+1"]
[Date "2022.05.10"]
[WhiteClock "0:00:06"]
[BlackClock "0:00:03"]

1. e4 c5 2. Nf3 Nc6 3. Bb5 Nf6 4. Bxc6 dxc6 5. d3 Bg4 6. h3 Bh5 7. Be3 Nd7 8. Nbd2 e6 9. Qe2 Qc7 10. O-O-O Be7 11. Kb1 a5 12. g4 Bg6 13. Ne1 f6 14. f4 Bf7 15. Nef3 a4 16. h4 e5 17. fxe5 Nxe5 18. Nxe5 Qxe5 19. Nf3 Qe6 20. a3 Qa2+ 21. Kc1 c4 22. Bd4 O-O-O 23. Bc3 cxd3 24. cxd3 Bb3 25. Nd2 Bxa3 26. Nxb3 axb3 27. Qe3 Bd6 28. d4 Rhe8 29. e5 Bxe5 30. Qf2 g5 31. hxg5 fxg5 32. Qf5+ Kb8 33. dxe5 Qa1+ 34. Qb1 Qa7 35. Rxd8+ Rxd8 36. Qe4 Qa1+ 37. Qb1 Qa7 38. Qe4 Qa1+ 39. Qb1 Qa6 40. Qe4 Qa1+ 1/2-1/2


[Site "https://www.chess.com"]

[Event "Titled Tuesday Blitz May 10 Late 2022"]
[White "Pranav, V"]
[Black "Srinath, Rao S.V."]
[WhiteFideId "25060783"]
[BlackFideId "5028876"]
[WhiteElo "2349"]
[BlackElo "2181"]
[Result "1/2-1/2"]
[Round "01"]
[TimeControl "180+1"]
[Date "2022.05.10"]
[WhiteClock "0:00:11"]
[BlackClock "0:00:12"]

1. Nf3 Nf6 2. g3 g6 3. Bg2 Bg7 4. O-O O-O 5. d3 d6 6. Nbd2 c6 7. e4 Nbd7 8. Nc4 b5 9. Ne3 Bb7 10. Re1 e5 11. a4 a6 12. c3 c5 13. h4 h5 14. Ng5 Nh7 15. Nh3 Bc6 16. b3 bxa4 17. bxa4 Rb8 18. Nc4 Qe7 19. Be3 Nhf6 20. Bg5 Qe6 21. f4 d5 22. Nxe5 Nxe5 23. fxe5 Ng4 24. d4 cxd4 25. cxd4 dxe4 26. Nf4 Qb3 27. Qxb3 Rxb3 28. Be7 Re8 29. Ra3 Reb8 30. Rxb3 Rxb3 31. Bxe4 Rxg3+ 32. Ng2 Bxa4 33. Bd5 Bh6 34. Bg5 Bxg5 35. hxg5 h4 36. Kh1 h3 37. Nf4 Nf2+ 38. Kh2 Rxg5 39. Rf1 Ng4+ 40. Kxh3 Ne3 41. Rf3 Bd7+ 42. Kh2 Nxd5 43. Nxd5 Be6 44. Nf6+ Kg7 45. Ra3 Rf5 46. Kg3 Bc4 47. Rc3 Bb5 48. Rc8 Rxf6 49. exf6+ Kxf6 50. Kf4 Ke6 51. Rc7 f6 52. Rg7 g5+ 53. Ke4 Bc6+ 54. Kd3 Kf5 55. Kc4 g4 56. d5 Bb5+ 57. Kd4 Kf4 58. d6 g3 59. Kd5 Kf3 60. Ke6 g2 61. Kxf6 Kf2 62. Ke5 g1=Q 63. Rxg1 Kxg1 64. Kd4 Kf2 65. Kc3 Ke3 66. d7 Bxd7 67. Kb2 Bb5 68. Ka1 Kd2 69. Kb1 Kd3 70. Ka1 Kc3 71. Kb1 Kb3 72. Ka1 Bd3 1/2-1/2


[Site "https://www.chess.com"]

[Event "Titled Tuesday Blitz May 10 Late 2022"]
[White "Prohorov, Olexandr"]
[Black "Ibarra Jerez, Jose Carlos"]
[WhiteFideId "14105578"]
[BlackFideId "2226332"]
[WhiteElo "1993"]
[BlackElo "2626"]
[Result "0-1"]
[Round "01"]
[TimeControl "180+1"]
[Date "2022.05.10"]
[WhiteClock "0:01:02"]
[BlackClock "0:01:13"]

1. Nf3 Nf6 2. c4 d6 3. Nc3 g6 4. d4 Bf5 5. Nh4 Bd7 6. e4 e5 7. Nf3 exd4 8. Nxd4 Bg7 9. Be2 O-O 10. O-O Re8 11. f3 Nc6 12. Be3 Nh5 13. Nc2 Be5 14. Qd2 Qh4 15. f4 Bxc3 16. bxc3 Rxe4 17. Bd3 Ree8 18. g3 Nxg3 19. hxg3 Qxg3+ 20. Kh1 Qh3+ 21. Kg1 Qg3+ 22. Kh1 Bg4 23. Qf2 Qh3+ 24. Kg1 Bf5 25. Bxf5 Qxf5 26. Rae1 Re4 27. Nd4 Nxd4 28. Bxd4 Rae8 29. Rxe4 Rxe4 30. c5 dxc5 31. Bxc5 b6 32. Be3 Qg4+ 33. Kh1 Qh3+ 34. Kg1 Rxe3 0-1


[Site "https://www.chess.com"]

[Event "Titled Tuesday Blitz May 10 Late 2022"]
[White "Qashashvili, Alexandre"]
[Black "Moon, Benjamin"]
[WhiteFideId "13600842"]
[BlackFideId "2064847"]
[WhiteElo "2316"]
[BlackElo "2651"]
[Result "1-0"]
[Round "01"]
[TimeControl "180+1"]
[Date "2022.05.11"]
[WhiteClock "0:01:41"]
[BlackClock "0:00:55"]

1. e4 c5 2. Nc3 g6 3. Nf3 Nc6 4. d3 Bg7 5. Be3 d6 6. Qd2 e5 7. Be2 Nge7 8. Bh6 O-O 9. h4 f5 10. h5 f4 11. Bxg7 Kxg7 12. hxg6 Nxg6 13. g3 Bg4 14. O-O-O h5 15. Rdg1 fxg3 16. Rxg3 Qf6 17. Nd5 Qf7 18. Rxg4 hxg4 19. Qh6+ Kg8 20. Nf6+ Qxf6 21. Qh7# 1-0


[Site "https://www.chess.com"]

[Event "Titled Tuesday Blitz May 10 Late 2022"]
[White "Remolar Gallen, Jose"]
[Black "Dourerassou, Jonathan"]
[WhiteFideId "2215187"]
[BlackFideId "628050"]
[WhiteElo "2205"]
[BlackElo "2499"]
[Result "1-0"]
[Round "01"]
[TimeControl "180+1"]
[Date "2022.05.11"]
[WhiteClock "0:00:37"]
[BlackClock "0:01:22"]

1. d4 d5 2. c4 e5 3. dxe5 d4 4. a3 Nc6 5. Nf3 Bg4 6. Nbd2 a5 7. h3 Bf5 8. g4 Bg6 9. Bg2 h5 10. Nf1 hxg4 11. hxg4 Rxh1 12. Bxh1 Nh6 13. Bxh6 gxh6 14. Ng3 Bg7 15. Qa4 Qd7 16. O-O-O Rd8 17. Nf5 Bxf5 18. gxf5 Nxe5 19. Qxd7+ Rxd7 20. Nxe5 Bxe5 21. Bxb7 Rd6 22. c5 Rf6 23. Be4 h5 24. Rh1 Rh6 25. Kd2 h4 26. Rh3 Bf6 27. b4 axb4 28. axb4 Kd7 29. Kd3 Rh8 30. b5 Rg8 31. Bc6+ Ke7 32. e3 Rg1 33. exd4 Rd1+ 34. Ke2 Rxd4 35. Re3+ Kf8 36. b6 cxb6 37. cxb6 Rb4 38. b7 Rb2+ 39. Kf3 Be7 40. f6 Bxf6 41. Re8+ Kg7 42. b8=Q Rxb8 43. Rxb8 Bg5 44. Kg4 Be7 45. Rb7 Kf8 46. Bd5 Ke8 47. f4 Kf8 48. f5 Ke8 49. Kh3 Bg5 50. Rxf7 1-0


[Site "https://www.chess.com"]

[Event "Titled Tuesday Blitz May 10 Late 2022"]
[White "Roberson, Peter T"]
[Black "Aksu, Vedat Ali"]
[WhiteFideId "412384"]
[BlackFideId "6304320"]
[WhiteElo "2346"]
[BlackElo "2181"]
[Result "1-0"]
[Round "01"]
[TimeControl "180+1"]
[Date "2022.05.11"]
[WhiteClock "0:01:18"]
[BlackClock "0:00:41"]

1. e4 c5 2. Be2 Nc6 3. f4 e6 4. Nf3 d5 5. d3 Nf6 6. Nbd2 Be7 7. O-O Qc7 8. e5 Ng8 9. d4 h5 10. Nb3 b6 11. Be3 c4 12. Nbd2 Nh6 13. c3 a5 14. b3 b5 15. a4 b4 16. bxc4 bxc3 17. cxd5 exd5 18. Nb1 Nb4 19. Bb5+ Kf8 20. Qc1 Ng4 21. Nxc3 Be6 22. Bd2 Rc8 23. Qb1 Qa7 24. f5 Bd7 25. Kh1 Bxb5 26. Nxb5 Qb6 27. Qb3 Rc4 28. Rac1 Qc6 29. Rxc4 dxc4 30. Qd1 h4 31. Bxb4 axb4 32. d5 Qc5 33. d6 Bd8 34. e6 Nf2+ 35. Rxf2 Qxf2 36. e7+ Ke8 37. d7+ Kxe7 38. Qd6# 1-0


[Site "https://www.chess.com"]

[Event "Titled Tuesday Blitz May 10 Late 2022"]
[White "Romanchuk, Viktor"]
[Black "Antonova, Nadezhda"]
[WhiteFideId "14109271"]
[BlackFideId "14700182"]
[WhiteElo "2242"]
[BlackElo "1743"]
[Result "0-1"]
[Round "01"]
[TimeControl "180+1"]
[Date "2022.05.11"]
[WhiteClock "0:00:02"]
[BlackClock "0:00:04"]

1. d4 Nf6 2. c4 g6 3. Nf3 Bg7 4. g3 d6 5. Bg2 O-O 6. Nc3 Nc6 7. O-O a6 8. Qd3 Bd7 9. d5 Nb4 10. Qd1 a5 11. a3 Na6 12. e4 Nc5 13. e5 dxe5 14. Nxe5 Bf5 15. Re1 Rb8 16. h3 Nfd7 17. Bf4 f6 18. Nxd7 Bxd7 19. b4 axb4 20. axb4 Na6 21. Qb3 Kh8 22. Ra2 Re8 23. Rae2 Rc8 24. c5 c6 25. dxc6 Bxc6 26. Bxc6 Rxc6 27. Rd2 Qc8 28. h4 e5 29. Be3 Rce6 30. Nb5 Qc6 31. Nd6 Rf8 32. Red1 Re7 33. Qc4 Qf3 34. b5 Nc7 35. c6 bxc6 36. Qxc6 Qxc6 37. bxc6 Ne6 38. Nb5 f5 39. Rd7 Ree8 40. c7 Rc8 41. Bb6 Nd4 42. Nd6 Ra8 43. Bxd4 exd4 44. c8=Q Raxc8 45. Nxc8 Rxc8 46. Kg2 h5 47. R7xd4 Bxd4 48. Rxd4 Rf8 49. Rd7 Kg8 50. Kf3 Rf7 51. Rd6 Kg7 52. Kf4 Rf6 53. Rd8 Rc6 54. Kg5 Rb6 55. Rd7+ Kf8 56. Rh7 Kg8 57. Re7 Kf8 58. Rd7 Ke8 59. Rc7 Kd8 60. Rg7 f4 61. gxf4 Rb2 62. Rxg6 Rxf2 0-1


[Site "https://www.chess.com"]

[Event "Titled Tuesday Blitz May 10 Late 2022"]
[White "Romero Ruscalleda, Josep"]
[Black "Vlassov, Nikolai"]
[WhiteFideId "2231859"]
[BlackFideId "4103360"]
[WhiteElo "2293"]
[BlackElo "2407"]
[Result "1-0"]
[Round "01"]
[TimeControl "180+1"]
[Date "2022.05.11"]
[WhiteClock "0:00:30"]
[BlackClock "0:00:22"]

1. e4 Nc6 2. d4 d5 3. Nc3 e5 4. Nxd5 exd4 5. Nf3 Bc5 6. Bb5 a6 7. Bxc6+ bxc6 8. Nf4 Bb6 9. O-O Nf6 10. e5 Nd5 11. a4 O-O 12. a5 Ba7 13. Qd3 Nb4 14. Qe4 Qd5 15. Nxd5 cxd5 16. Qe2 Bf5 17. c3 d3 18. Qd1 Nc2 19. Ra4 c5 20. Rf4 Be4 21. Ng5 Bg6 22. h4 h6 23. Nf3 c4 24. Nd4 Bxd4 25. cxd4 Rab8 26. h5 Bh7 27. Rg4 Kh8 28. f4 Bf5 29. Rg3 Nxd4 30. Rf2 Rb5 31. Be3 Ne2+ 32. Rxe2 dxe2 33. Qxe2 Rxa5 34. Bd4 Rg8 35. e6 f6 36. Bxf6 gxf6 37. Rxg8+ Kxg8 38. e7 Ra1+ 39. Kh2 Bd7 40. e8=Q+ Bxe8 41. Qxe8+ Kg7 42. Qg6+ Kf8 43. Qxf6+ Ke8 44. Qe6+ Kd8 45. Qxd5+ Ke8 46. Qxc4 a5 47. Qe6+ Kd8 48. Qxh6 a4 49. Qb6+ Kd7 50. h6 a3 51. bxa3 Rb1 52. Qxb1 1-0


[Site "https://www.chess.com"]

[Event "Titled Tuesday Blitz May 10 Late 2022"]
[White "Rosen, Eric"]
[Black "Przybylski, Wojciech"]
[WhiteFideId "2032562"]
[BlackFideId "1117599"]
[WhiteElo "2362"]
[BlackElo "2133"]
[Result "1-0"]
[Round "01"]
[TimeControl "180+1"]
[Date "2022.05.11"]
[WhiteClock "0:01:07"]
[BlackClock "0:00:07"]

1. d4 d5 2. Bf4 Nf6 3. e3 c6 4. Nf3 Bg4 5. c4 Nbd7 6. Qb3 Qb6 7. c5 Qxb3 8. axb3 a6 9. Nbd2 Bf5 10. h3 Ne4 11. b4 Nxd2 12. Nxd2 Bc2 13. b5 cxb5 14. Bxb5 Rd8 15. Be2 f6 16. b4 e5 17. Bg3 Be7 18. O-O Kf7 19. Rfc1 Bf5 20. Nb3 Rc8 21. Na5 Rc7 22. Rd1 Be6 23. f4 h5 24. fxe5 fxe5 25. Rf1+ Kg6 26. Bd3+ Kh6 27. dxe5 b6 28. cxb6 Nxb6 29. h4 g6 30. Nb3 Nc4 31. Rxa6 1-0


[Site "https://www.chess.com"]

[Event "Titled Tuesday Blitz May 10 Late 2022"]
[White "Rosenberg, Evan S"]
[Black "Leitao, Rafael"]
[WhiteFideId "2019299"]
[BlackFideId "2101246"]
[WhiteElo "2375"]
[BlackElo "2609"]
[Result "0-1"]
[Round "01"]
[TimeControl "180+1"]
[Date "2022.05.11"]
[WhiteClock "0:00:07"]
[BlackClock "0:00:19"]

1. d4 Nf6 2. Nf3 e6 3. c4 d5 4. Nc3 Bb4 5. cxd5 exd5 6. Bd2 O-O 7. e3 Bf5 8. Be2 h6 9. O-O Bd6 10. h3 c6 11. Rc1 Nbd7 12. Na4 Qe7 13. a3 Ne4 14. Be1 a5 15. Nc3 Ndf6 16. Nxe4 dxe4 17. Nd2 Bc7 18. Nc4 Nd5 19. Bg4 Bh7 20. Qb3 a4 21. Qa2 Kh8 22. Ne5 f5 23. Bh5 Bxe5 24. dxe5 f4 25. exf4 Nxf4 26. Bg4 Qg5 27. g3 Nd3 28. Rd1 Nxe5 29. Qe6 Bg8 30. Qd6 Rfd8 31. Qc7 Nxg4 32. Rxd8 Qxd8 33. Qxd8 Rxd8 34. hxg4 Bc4 35. Ba5 Rd5 36. Rc1 b5 37. Bc3 Kg8 38. Kg2 Kf7 39. Re1 Rd3 40. Kg1 Bd5 41. Re3 Rd1+ 42. Kg2 g6 43. g5 hxg5 44. Kh3 Be6+ 45. Kg2 Bd5 46. Kh3 Rh1+ 47. Kg4 Rh5 0-1


[Site "https://www.chess.com"]

[Event "Titled Tuesday Blitz May 10 Late 2022"]
[White "Rustemov, Alexander"]
[Black "Sarkar, Justin"]
[WhiteFideId "4119002"]
[BlackFideId "2010011"]
[WhiteElo "2731"]
[BlackElo "2020"]
[Result "1-0"]
[Round "01"]
[TimeControl "180+1"]
[Date "2022.05.11"]
[WhiteClock "0:01:54"]
[BlackClock "0:00:02"]

1. d4 e6 2. c4 f5 3. Nf3 Nf6 4. g3 Be7 5. Bg2 O-O 6. O-O d5 7. b3 c6 8. Ba3 Bxa3 9. Nxa3 Qe7 10. Qc1 Nbd7 11. Qb2 Ne4 12. b4 a5 13. b5 Qb4 14. Qc1 dxc4 15. Rb1 Nc3 16. Rxb4 Nxe2+ 17. Kh1 Nxc1 18. Rxc4 Nxa2 19. bxc6 bxc6 20. Rxc6 Ba6 21. Re1 Nb4 22. Rcxe6 Nd3 23. R1e2 Rfb8 24. h4 Ra7 25. Ng5 h6 26. Re8+ Rxe8 27. Rxe8+ Nf8 28. Bd5+ 1-0


[Site "https://www.chess.com"]